 Dungeon Crawl Stone Soup version 0.21-a0-260-g9b2435e (webtiles) character file.

141 Kidiri the Magician (level 5, -1/28 HPs)
             Began as a Deep Elf Fire Elementalist on Sept 6, 2017.
             Slain by Crazy Yiuf
             ... wielding a +3 quarterstaff of chaos
              (11 damage)
             ... on level 2 of the Dungeon on Sept 7, 2017.
             The game lasted 00:04:31 (2390 turns).

Kidiri the Magician (Deep Elf Fire Elementalist)    Turns: 2390, Time: 00:04:32

Health: -1/28      AC:  2    Str:  5    XL:     5   Next: 3%
Magic:  11/15      EV: 13    Int: 21    God:
Gold:   142        SH:  0    Dex: 15    Spells: 2/15 levels left

rFire    . . .     SeeInvis .   i - +0 short sword
rCold    . . .     Gourm    .   (no shield)
rNeg     . . .     Faith    .   a - +0 robe
rPois    .         Spirit   .   (no helmet)
rElec    .         Reflect  .   j - scarf {repulsion}
rCorr    .         Harm     .   (no gloves)
MR       .....                  (no boots)
Stlth    ++........             (no amulet)
HPRegen  0.09/turn              (no ring)
MPRegen  0.14/turn              (no ring)

@: repel missiles
A: no striking features
a: no special abilities


You were on level 2 of the Dungeon.
You were not hungry.

You visited 1 branch of the dungeon, and saw 2 of its levels.

You collected 142 gold pieces.

Inventory:

Hand Weapons
 i - a +0 short sword (weapon)
Armour
 a - a +0 robe (worn)
 j - a scarf of repulsion (worn)
Scrolls
 d - a scroll of teleportation
 f - a scroll of fog {unknown}
Potions
 e - 2 potions of agility
 g - a potion of curing
 h - a potion of invisibility {unknown}
 l - a potion of mutation {unknown}
Books
 b - a book of Flames

   Spells                             Type                      Level
   a - Flame Tongue                   Conjuration/Fire             1
   b - Throw Flame                    Conjuration/Fire             2
   c - Conjure Flame                  Conjuration/Fire             3
   d - Inner Flame                    Hexes/Fire                   3
   e - Sticky Flame                   Conjuration/Fire             4
   f - Fireball                       Conjuration/Fire             5
Comestibles
 c - a bread ration


   Skills:
 - Level 2.4 Dodging
 - Level 2.4 Stealth
 * Level 5.6 Spellcasting
 + Level 2.5 Conjurations
 + Level 4.1 Fire Magic


You had 2 spell levels left.
You knew the following spells:

 Your Spells              Type           Power        Failure   Level  Hunger
a - Flame Tongue          Conj/Fire      ###..        2%          1    None
b - Throw Flame           Conj/Fire      ###...       3%          2    None
c - Conjure Flame         Conj/Fire      ###.....     8%          3    ##.....
d - Inner Flame           Hex/Fire       ##......     13%         3    ##.....
e - Sticky Flame          Conj/Fire      ###.....     26%         4    ####...


Dungeon Overview and Level Annotations

Branches:
Dungeon (2/15)

Altars:

Annotations:
D:2 Crazy Yiuf


Message History

Crazy Yiuf is almost dead.
Crazy Yiuf whimpers, "Flower verde verde!"
Casting: Flame Tongue
Confirm with . or Enter, or press ? or * to list all spells.
Aiming: Flame Tongue
Press: ? - help, Shift-Dir - straight line, f/p - Crazy Yiuf
Aim: Crazy Yiuf, wielding a quarterstaff of chaos and wearing a cloak (almost dead)
The flame tongue hits Crazy Yiuf.
Crazy Yiuf appears unharmed.
Crazy Yiuf is almost dead.
Crazy Yiuf hits you with a quarterstaff of chaos.
You are electrocuted!
Casting: Flame Tongue
Confirm with . or Enter, or press ? or * to list all spells.
Aiming: Flame Tongue
Press: ? - help, Shift-Dir - straight line, f/p - Crazy Yiuf
Aim: Crazy Yiuf, wielding a quarterstaff of chaos and wearing a cloak (almost dead)
The flame tongue hits Crazy Yiuf.
Crazy Yiuf is almost dead.
Crazy Yiuf hits you with a quarterstaff of chaos!
You die...

#.####..#####..#
#...... #.#
#....# ####
#...... ######.#
#....# #......
#......# #...##
####### #......#
##.## #......
#......# #.##
######......
######## ##.#
#...........
#.##
#...........
##@#
#........... #g#
#........... ...
#......###..
#...# #......#
#.> #..)#
#......# #..
##### ########
#.. ### ##


You could see Crazy Yiuf.

Vanquished Creatures
  An orc warrior (D:2)
  An adder (D:2)
  2 worms (D:2)
  3 dart slugs
  A leopard gecko (D:1)
  2 giant cockroaches (D:1)
  2 goblins (D:1)
  2 hobgoblins (D:1)
  3 jackals (D:2)
  2 bats (D:1)
  4 frilled lizards
  A kobold (D:1)
  8 rats (D:1)
32 creatures vanquished.

Notes
Turn   | Place    | Note
-------+----------+-------------------------------------------
     0 | D:1      | Kidiri the Deep Elf Fire Elementalist began the quest for the Orb.
     0 | D:1      | Reached XP level 1. HP: 10/10 MP: 6/6
   165 | D:1      | Reached XP level 2. HP: 15/15 MP: 2/8
   169 | D:1      | Learned a level 2 spell: Throw Flame
   710 | D:1      | Reached skill level 4 in Spellcasting
  1056 | D:1      | Upgraded the game from 0.21-a0-258-g4c0eb85 to 0.21-a0-260-g9b2435e
  1196 | D:2      | Reached XP level 3. HP: 19/19 MP: 1/10
  1216 | D:2      | Learned a level 3 spell: Conjure Flame
  1220 | D:2      | Learned a level 3 spell: Inner Flame
  1743 | D:2      | Found a runed door.
  1938 | D:2      | Noticed an orc warrior
  2003 | D:2      | Killed an orc warrior
  2003 | D:2      | Reached skill level 5 in Spellcasting
  2003 | D:2      | Reached XP level 4. HP: 24/24 MP: 1/13
  2003 | D:2      | Reached XP level 5. HP: 28/28 MP: 1/15
  2010 | D:2      | Learned a level 4 spell: Sticky Flame
  2386 | D:2      | Noticed Crazy Yiuf
  2390 | D:2      | Slain by Crazy Yiuf

Vault maps used:
D:1:      dpeg_arrival_refuge
D:2:      minmay_bisected, uniq_crazy_yiuf_cottage

Skill      XL: |  1  2  3 |
---------------+----------+-----
Spellcasting   | 4 5 |  5.6
Conjurations   | 2 |  2.5
Fire Magic     | 4 |  4.1
Dodging        | |  2.4
Stealth        | |  2.4

Action                   |  1- 3 |  4- 6 || total
-------------------------+-------+-------++-------
Melee: Unarmed           |     1 |       ||     1
       Short sword       |    23 |       ||    23
 Cast: Flame Tongue      |    50 |     5 ||    55
       Conjure Flame     |     1 |       ||     1
       Throw Flame       |     1 |       ||     1
       Inner Flame       |     1 |       ||     1
  Use: Scroll            |     4 |       ||     4
 Stab: Sleeping          |     5 |       ||     5
  Eat: Bread ration      |     1 |       ||     1
       Chunk             |     1 |       ||     1
Armor: Robe              |     6 |       ||     6
Dodge: Dodged            |    38 |       ||    38

Table legend:
 A = Spawn XP
 B = Non-spawn XP
 C = Spawn XP percentage of total XP
 D = Spawn monster count
 E = Non-spawn monster count
 F = Spawn count percentage of total count
 G = Total turns spent on level
                    A         B        C        D         E        F      G
               +---------+---------+-------+---------+---------+-------+---------
         Total |       0 |     202 |   0.0 |       0 |      32 |   0.0 |  2390
               +---------+---------+-------+---------+---------+-------+---------
           D:1 |       0 |      38 |   0.0 |       0 |      23 |   0.0 |  1110
           D:2 |       0 |     164 |   0.0 |       0 |       9 |   0.0 |  1280
               +---------+---------+-------+---------+---------+-------+---------
